 Dungeon Crawl Stone Soup version 0.29.1-12-g30fa7ad0bf (webtiles) character file.

Game seed: 17028723743459866984

44 KittyFluff the Trooper (level 3, -2/34 HPs)
             Began as a Gargoyle Berserker on Jan 12, 2023.
             Was a Believer of Trog.
             Slain by a gnoll
             ... wielding a +0 halberd
              (9 damage)
             ... on level 2 of the Dungeon.
             The game lasted 00:05:02 (1352 turns).

KittyFluff the Trooper (Gargoyle Berserker)         Turns: 1352, Time: 00:05:03

Health: -2/34      AC:  9    Str: 20    XL:     3   Next: 62%
Magic:  12/12      EV: 12    Int:  7    God:    Trog [**....]
Gold:   64         SH:  5    Dex: 11    Spells: 2/2 levels left

rFire   . . .      SeeInvis .   a - +0 mace
rCold   . . .      Faith    .   (no shield)
rNeg    + . .      Spirit   .   b - +0 animal skin
rPois   ∞          Reflect  +   (no helmet)
rElec   +          Harm     .   (no cloak)
rCorr   .          Rampage  .   (no gloves)
Will    .....                   (no boots)
Stlth   ..........              p - amulet of reflection
HPRegen 0.11/turn               c - +4 ring of protection
MPRegen 0.13/turn               h - ring of magical power

@: berserking, very quick
A: sickness immunity, AC +3, negative energy resistance 1, electricity
resistance, torment resistance 1, petrification resistance
a: Renounce Religion, Berserk, Trog's Hand


You were on level 2 of the Dungeon.
You worshipped Trog.
Trog was pleased with you.
You visited 1 branch of the dungeon, and saw 2 of its levels.

You collected 64 gold pieces.

Inventory:

Hand Weapons
 a - a +0 mace (weapon)
 n - a +0 sling
Missiles
 d - 44 stones (quivered)
 l - 3 poisoned darts
Armour
 b - a +0 animal skin (worn)
Jewellery
 c - a +4 ring of protection (left hand)
 h - a ring of magical power (right hand)
 p - an amulet of reflection (around neck)
Scrolls
 e - a scroll of torment {unknown}
 g - a scroll of blinking {unknown}
 k - a scroll of silence {unknown}
 m - a scroll of teleportation {unknown}
 q - a scroll of immolation {unknown}
Potions
 f - a potion of curing {unknown}
 i - a potion of heal wounds {unknown}
 j - 2 potions of mutation {unknown}
 o - a potion of flight {unknown}
 r - a potion of resistance {unknown}


   Skills:
 + Level 3.6 Fighting
 * Level 3.5 Maces & Flails
 * Level 3.0 Armour
 + Level 1.8 Dodging


You had 2 spell levels left.
You didn't know any spells.
Your spell library was empty.

Dungeon Overview and Level Annotations

Branches:
Dungeon (2/15)

Altars:


Innate Abilities, Weirdness & Mutations

You are immune to sickness and miasma.
Your stone body is resilient. (AC +3)
You are immune to poison.
You resist negative energy. (rN+)
You are resistant to electric shocks. (rElec)
You are resistant to unholy torment.
You are immune to petrification.


Message History

You now have 64 gold pieces (gained 12).
There is a stone staircase leading up here.
Found a stone staircase leading down.
Found 3 gold pieces and a book of Lightning.
A gnoll comes into view. It is wielding a +0 halberd.
A gnoll comes into view. It is wielding a +0 flail.
The gnoll shouts!
A gnoll comes into view. It is wielding a +0 club.
The gnoll shouts!
You hit the gnoll but do no damage. The gnoll closely misses you.
You block the gnoll's attack.
You barely miss the gnoll. The gnoll hits you with a +0 flail.
The gnoll barely misses you. You block the gnoll's attack.
The gnoll hits you from afar with a +0 halberd.
You sock the gnoll!
The gnoll is heavily wounded.
The gnoll closely misses you. The gnoll barely misses you.
You completely miss the gnoll.
The gnoll is heavily wounded.
The gnoll hits you but does no damage.
The gnoll hits you from afar with a +0 halberd.
You barely miss the gnoll.
The gnoll is heavily wounded.
The gnoll misses you. The gnoll hits you but does no damage.
A red film seems to cover your vision as you go berserk!
You feel yourself moving faster!
You feel mighty! The gnoll misses you. You block the gnoll's attack.
You sock the gnoll!
You kill the gnoll!
Trog accepts your kill. You block the gnoll's attack.
Your Armour skill increases to level 3!
The gnoll hits you but does no damage.
Things that are here:
a +0 flail; a gnoll corpse You closely miss the gnoll.
The gnoll hits you with a +0 halberd!
* * * LOW HITPOINT WARNING * * *
You barely miss the gnoll. The gnoll closely misses you.
You closely miss the gnoll. The gnoll hits you with a +0 halberd!
You die...

##### ##...##
#.....## #......
..... .g. #g#
#@#
########.####
#...........#
#.####.........#
#.# #.........#
#.# #.........#
#.# #..........
#.# #..........
#.# #.......#.#


You could see 2 gnolls.

Vanquished Creatures
  A gnoll (D:2)
  A dart slug (D:1)
  A bat (D:1)
  2 endoplasms (D:1)
  2 giant cockroaches (D:1)
  2 goblins (D:1)
  3 hobgoblins (D:1)
  2 jackals (D:1)
  5 kobolds
  A quokka (D:1)
  5 ball pythons
  3 frilled lizards
  2 rats (D:1)
30 creatures vanquished.

Notes
Turn   | Place    | Note
-------+----------+-------------------------------------------
     0 | D:1      | KittyFluff the Gargoyle Berserker began the quest for the
                  | Orb.
     0 | D:1      | Reached XP level 1. HP: 14/14 MP: 1/1
   115 | D:1      | Reached XP level 2. HP: 19/19 MP: 2/2
   478 | D:1      | Found a faded altar of an unknown god.
   484 | D:1      | Reached ** piety under Trog
   508 | D:1      | Reached XP level 3. HP: 7/23 MP: 3/3
  1352 | D:2      | Slain by a gnoll

Illustrated notes

Levels and vault maps discovered:
D:1:      dpeg_arrival_prison, layout_basic, ebering_ecumenical_altar_abandoned,
          minmay_misc_feat_tiny
D:2:      layout_loops_ring, minmay_tetromino_s4

Skill      XL: |  1  2  3 |
---------------+----------+-----
Armour         | 3 |  3.0
Fighting       | |  3.6
Maces & Flails | |  3.5
Dodging        | |  1.8

Action                   || total
-------------------------++-------
Melee: Mace              ||    83
Throw: Stone             ||     4
Invok: Berserk           ||     1
Armor: Animal skin       ||    38
Dodge: Dodged            ||    51
Block: Other             ||     5
